Map: Crête de Lerilak

Players

Henkel

  • Race: Protoss Protoss
  • League: Silver
  • Spawn Location: 7:00

zidar - Winner!

  • Race: Zerg Zerg
  • League: Silver
  • Spawn Location: 1:00

VOD

Have the link to the VOD?

Description

Time

  • Played on: Jan. 2, 2016, 12:07 p.m.
  • Length: 20:45
Show
View Real Time Build Order
Export as new Build Order

Henkel Protoss 

Build Orders:  

Get SALT Encoding   

  12  0:01  Probe (Chrono Boost)  
  13  0:12  Probe (Chrono Boost)  
  14  0:19  Pylon  
  14  0:22  Probe (Chrono Boost)  
  15  0:37  Probe (Chrono Boost)  
  15  0:41  Gateway  
  16  0:47  Probe (Chrono Boost)  
  17  0:51  Assimilator  
  17  0:58  Probe (Chrono Boost)  
  18  1:07  Gateway  
  18  1:11  Probe (Chrono Boost)  
  19  1:22  Probe (Chrono Boost)  
  20  1:32  Cybernetics Core  
  20  1:35  Pylon  
  20  1:41  Probe (Chrono Boost)  
  20  1:43  Assimilator  
  21  1:58  Probe (Chrono Boost)  
  22  2:08  Probe (Chrono Boost)  
  23  2:09  Adept x2  
  23  2:11  Warp Gate (Chrono Boost)  
  27  2:21  Gateway  
  29  2:23  Mothership Core  
  29  2:36  Zealot  
  31  2:57  Pylon  
  31  3:15  Zealot  
  33  3:24  Probe  
  33  3:26  Nexus  
  34  3:29  Pylon  
  34  3:44  Robotics Facility  
  34  3:56  Probe  
  34  4:02  Twilight Council  
  35  4:04  Pylon  
  35  4:09  Probe  
  36  4:21  Probe  
  37  4:32  Gateway  
  37  4:33  Probe  
  38  4:52  Stalker  
  40  4:53  Adept x2  
  44  5:12  Nexus  
  44  5:22  Probe  
  44  5:26  Observer  
  46  5:30  Resonating Glaives (Chrono Boost)  
  46  5:34  Probe  
  47  5:58  Probe  
  29  6:16  Stalker x4  
  34  6:46  Stalker  
  34  6:47  Stalker x3  
  38  6:52  Immortal  
  45  7:02  Pylon  
  45  7:05  Pylon  
  45  7:08  Pylon  
  45  7:20  Nexus  
  45  7:26  Probe  
  46  7:38  Probe  
  45  8:07  Adept x3  
  51  8:33  Adept x4  
  59  8:35  Probe  
  60  8:45  Probe  
  61  8:49  Immortal (Chrono Boost)  
  65  8:56  Probe  
  65  8:59  Assimilator  
  66  9:04  Zealot  
  66  9:07  Probe  
  69  9:17  Probe  
  70  9:29  Observer (Chrono Boost)  
  71  9:33  Forge  
  71  9:37  Pylon  
  71  9:39  Adept x3  
  71  9:40  Adept  
  71  9:42  Probe  
  80  9:53  Probe  
  81  10:15  Adept x4  
  89  10:21  Protoss Ground Weapons Level 1 (Chrono Boost)  
  89  10:24  Immortal  
  93  10:29  Probe  
  94  10:38  Assimilator  
  94  10:58  Pylon  
  94  11:02  Pylon  
  94  11:07  Pylon  
  94  11:15  Probe  
  94  11:17  Immortal  
  99  11:25  Probe  
  99  11:26  Adept x2  
  104  11:37  Gateway  
  105  11:50  Adept x2  
  105  11:51  Adept x2  
  112  12:07  Protoss Ground Weapons Level 2 (Chrono Boost)  
  112  12:09  Robotics Bay  
  112  12:21  Adept  
  112  12:22  Adept x2  
  118  12:31  Pylon  
  118  12:32  Pylon  
  118  12:35  Pylon  
  118  12:58  Adept x4  
  126  13:06  Disruptor  
  129  13:35  Nexus  
  129  13:37  Pylon  
  129  13:41  Disruptor  
  129  13:42  Stalker x2  
  136  14:15  Stalker  
  136  14:16  Stalker  
  140  14:17  Stalker, Disruptor  
  140  14:18  Sentry  
  147  14:37  Protoss Ground Weapons Level 3 (Chrono Boost)  
  147  14:45  Pylon  
  147  14:49  Pylon  
  147  14:52  Adept  
  149  14:53  Adept  
  149  14:54  Sentry  
  143  16:22  Stalker  
  143  16:23  Adept  
  143  16:24  Adept x2  
  151  16:43  Immortal  
  140  17:20  Adept x4  
  140  17:22  Immortal  
  97  17:49  Stalker x3  
  97  17:50  Stalker  
  105  17:57  Protoss Ground Armor Level 1 (Chrono Boost)  
  105  18:01  Disruptor  
  105  18:02  Probe  
  105  18:03  Probe  
  110  18:13  Probe  
  110  18:15  Probe  
  110  18:17  Probe  
  113  18:23  Probe  
  114  18:28  Probe x2  
  114  18:34  Probe  
  116  18:37  Disruptor  
  120  18:46  Gateway  
  120  18:48  Gateway x2  
  120  18:58  Stalker  
  120  18:59  Adept  
  120  19:00  Sentry  
  120  19:01  Stalker x2  
  130  19:12  Disruptor  
  133  19:26  Probe  
  134  19:31  Assimilator  
  134  19:35  Assimilator  
  134  19:37  Probe  
  135  19:48  Probe, Immortal  
  140  20:11  Pylon  
Show
View Real Time Build Order
Export as new Build Order

zidar Zerg - Winner!

Build Orders: Hatch First, Lurkers 

Get SALT Encoding   

  12  0:01  Drone  
  13  0:12  Overlord  
  13  0:17  Drone  
  14  0:30  Drone x2  
  14  0:34  Drone  
  17  0:57  Hatchery  
  17  0:58  Drone  
  17  1:12  Spawning Pool  
  17  1:15  Drone  
  17  1:27  Drone  
  18  1:46  Drone  
  19  1:50  Hatchery  
  19  1:52  Drone  
  19  1:55  Extractor, Drone  
  19  2:05  Queen  
  21  2:11  Overlord  
  21  2:22  Queen  
  24  2:39  Zergling x2  
  24  2:40  Zergling x10  
  29  2:56  Roach Warren  
  29  2:57  Zergling x2  
  29  2:58  Zergling x2  
  30  3:10  Zergling x2  
  30  3:11  Zergling x2  
  32  3:14  Overlord x2  
  32  3:30  Zergling x8  
  36  3:35  Zergling x2  
  37  3:44  Extractor  
  35  4:03  Drone x5  
  40  4:19  Metabolic Boost  
  37  4:47  Roach  
  37  4:48  Roach x6  
  49  5:08  Roach  
  49  5:13  Overlord x2  
  51  5:14  Overlord  
  51  5:34  Ravager  
  51  5:35  Ravager x3  
  57  5:43  Roach x8  
  66  6:22  Roach  
  66  6:23  Roach x3  
  71  6:50  Roach  
  71  6:51  Roach  
  71  6:53  Overlord  
  71  6:54  Overlord  
  75  7:02  Hatchery  
  75  7:03  Ravager  
  75  7:11  Overlord x2  
  75  7:12  Overlord  
  75  7:14  Drone x2  
  77  7:21  Ravager  
  77  7:22  Ravager  
  79  7:28  Lair  
  79  7:33  Drone  
  80  8:05  Drone x11  
  91  8:13  Queen  
  92  8:37  Overseer  
  92  8:38  Hydralisk Den  
  91  8:44  Drone x11  
  102  9:02  Extractor  
  101  9:04  Extractor  
  100  9:12  Evolution Chamber  
  100  9:17  Evolution Chamber  
  98  10:00  Zerg Ground Armor Level 1  
  98  10:07  Zerg Melee Weapons Level 1  
  98  10:11  Lurker Den  
  98  10:15  Hydralisk x9  
  116  10:26  Drone x6  
  122  10:30  Overlord x3  
  122  10:31  Overlord x3  
  122  10:33  Overseer  
  122  10:45  Extractor  
  122  10:48  Extractor  
  120  11:03  Hatchery  
  119  11:04  Drone x3  
  122  11:20  Infestation Pit  
  122  11:25  Hydralisk x8  
  137  11:38  Drone x3  
  140  11:48  Lurker  
  140  11:49  Lurker x4  
  145  12:06  Zerg Ground Armor Level 2  
  145  12:08  Zerg Melee Weapons Level 2  
  145  12:17  Hive  
  142  12:39  Lair  
  142  12:43  Hydralisk x3  
  142  12:44  Hydralisk x4  
  144  12:47  Overlord x4  
  144  12:48  Overlord  
  156  13:18  Zergling x2  
  156  13:19  Zergling x18  
  166  13:36  Muscular Augments  
  166  13:45  Ultralisk Cavern  
  155  14:16  Spire  
  154  14:23  Zerg Ground Armor Level 3  
  154  14:25  Zerg Melee Weapons Level 3  
  154  14:49  Hatchery  
  142  15:50  Ultralisk x2  
  142  15:51  Ultralisk x4  
  142  15:52  Ultralisk x3  
  142  15:55  Zergling x10  
  142  15:56  Zergling x10  
  195  16:59  Extractor  
  164  17:08  Extractor  
  73  17:36  Ultralisk  
  73  17:37  Ultralisk x4  
  77  17:38  Ultralisk  
  86  17:53  Zergling x2  
  86  17:54  Zergling x36  
  86  17:55  Zergling x2  
  106  18:22  Chitinous Plating  
  106  18:41  Ultralisk x2  
  118  18:44  Ultralisk  
  124  18:59  Drone x3  
  127  19:28  Hydralisk  
  127  19:29  Hydralisk x5  
  139  19:40  Ultralisk  
  145  19:59  Overseer  
Tags
 
Composition
Lurkers
Matchup
PvZ
Spawn Locations
Cross Positions
Add a new tag
Caveats
  • Supply blocks, unpowered buildings, or Contaminate may cause inaccurate times.
  • Supply counts are checked every 10 seconds.